 Dungeon Crawl Stone Soup version 0.20.1-1-g8b1a95d (webtiles) character file.

1459 Folque the Conjurer (level 8, -3/52 HPs)
             Began as an Octopode Wizard on Nov 19, 2017.
             Slain by a sky beast (6 damage)
             ... on level 6 of the Dungeon.
             The game lasted 00:26:56 (6096 turns).

Folque the Conjurer (Octopode Wizard)               Turns: 6096, Time: 00:26:57

Health: -3/52      AC:  1    Str:  6    XL:     8   Next: 76%
Magic:  0/17       EV: 13    Int: 22    God:
Gold:   289        SH:  0    Dex: 11    Spells: 11/19 levels left

rFire    . . .     SeeInvis .   n - +0 glaive
rCold    . . .     Gourm    .   (shield currently unavailable)
rNeg     . . .     Faith    .   a - +0 hat
rPois    .         Spirit   .   (no amulet)
rElec    .         Reflect  .   (no ring)
rCorr    .         Harm     .   (no ring)
MR       .....                  (no ring)
Stlth    +++.......             (no ring)
Regen    0.2/turn               (no ring)
MPRegen  0.2/turn               (no ring)
                                (no ring)
                                (no ring)

@: very slightly contaminated
A: almost no armour, stealthy swim, amphibious, 8 rings, constrict 8, camouflage
1, gelatinous body 1
a: no special abilities


You were on level 6 of the Dungeon.
You were hungry.

You visited 1 branch of the dungeon, and saw 6 of its levels.

You collected 289 gold pieces.

Inventory:

Hand Weapons
 i - a +0 dagger
 j - a +0 mace
 n - a +0 glaive (weapon)
 v - a +1 mace of protection
 w - a +0 mace of draining
Missiles
 k - 2 tomahawks of returning (quivered)
 y - 5 curare-tipped needles
Armour
 a - a +0 hat (worn)
 D - a +2 buckler
Jewellery
 z - a cursed -3 ring of evasion {unknown}
Scrolls
 d - a scroll of immolation {unknown}
 e - 2 scrolls of magic mapping {unknown}
 f - 3 scrolls of recharging
 g - a scroll of fear {unknown}
 h - 3 scrolls of amnesia
 m - 3 scrolls of remove curse
 p - 5 scrolls of teleportation {unknown}
 r - 3 scrolls of enchant armour {unknown}
 u - 3 scrolls of identify
 E - a scroll of random uselessness {unknown}
Potions
 o - a potion of magic {unknown}
 q - 2 potions of lignification
 x - a potion of brilliance
 A - a potion of heal wounds {unknown}
 B - a potion of mutation {unknown}
 F - a potion of curing {unknown}
Books
 b - a book of Minor Magic

   Spells                             Type                      Level
   a - Magic Dart                     Conjuration                  1
   b - Blink                          Translocation                2
   c - Call Imp                       Summoning                    2
   d - Slow                           Hexes                        2
   e - Conjure Flame                  Conjuration/Fire             3
   f - Mephitic Cloud                 Conjuration/Poison/Air       3
 s - a book of Misfortune

   Spells                             Type                      Level
   a - Confusing Touch                Hexes                        1
   b - Confuse                        Hexes                        3
   c - Gell's Gravitas                Translocation                3
   d - Petrify                        Transmutation/Earth          4
   e - Metabolic Englaciation         Hexes/Ice                    5
   f - Yara's Violent Unravelling     Hexes/Transmutation          5
 G - a book of Frost

   Spells                             Type                      Level
   a - Freeze                         Ice                          1
   b - Throw Frost                    Conjuration/Ice              2
   c - Ozocubu's Armour               Charms/Ice                   3
   d - Throw Icicle                   Conjuration/Ice              4
   e - Summon Ice Beast               Ice/Summoning                4
Comestibles
 c - 4 bread rations
 t - 4 meat rations
 C - a fruit


   Skills:
 - Level 3.0 Fighting
 + Level 1.5 Polearms
 - Level 2.0 Dodging
 - Level 2.6 Stealth
 + Level 6.2 Spellcasting
 * Level 7.3 Conjurations
 - Level 1.0 Summonings
 - Level 1.0 Translocations
 - Level 3.0 Poison Magic


You had 11 spell levels left.
You knew the following spells:

 Your Spells              Type           Power        Failure   Level  Hunger
a - Magic Dart            Conj           ####         1%          1    None
b - Call Imp              Summ           ##......     9%          2    None
c - Blink                 Tloc           N/A          9%          2    None
d - Mephitic Cloud        Conj/Pois/Air  ###.....     6%          3    #......


Dungeon Overview and Level Annotations

Branches:
Dungeon (6/15)
 Temple: D:4-7

Altars:
The Shining One


Innate Abilities, Weirdness & Mutations

You cannot wear most types of armour.
You are very stealthy in the water. (Stealth+)
You are amphibious.
You can wear up to eight rings at the same time.
You can use your tentacles to constrict eight enemies at once.
Your skin changes colour to match your surroundings (Stealth+).
Your rubbery body absorbs attacks. (AC +1, EV +1)


Message History

Press: ? - help, Shift-Dir - straight line, f/p - sky beast
Aim: a sky beast (almost dead)
The magic dart hits the sky beast.
The sky beast is almost dead.
The phantom blinks!
Casting: Magic Dart
Confirm with . or Enter, or press ? or * to list all spells.
You miscast Blink.
You are very lightly contaminated with residual magic.
Strange energies run through your body. The sky beast hits you.
* * * LOW HITPOINT WARNING * * *
The sky beast shocks you.
* * * LOW HITPOINT WARNING * * *
Casting: Blink
Confirm with . or Enter, or press ? or * to list all spells.
You miscast Blink.
Strange energies run through your body. The sky beast hits you.
* * * LOW HITPOINT WARNING * * *
The sky beast shocks you.
You die...

....#[....######.#.######
>...'.....)).............
....#.)...##.###.#.######
....#.....##.# #.#.#
....#.....##.# #.#.#
#...#.....##.# #.#.#
'...########.# #.#.#
#...# #.# #.#.# #...# #.#
#@#+### #...# #.# #Y..W.#
#...# #.# #.....# ##..#
######.###...ยง.#
##.###..............#
#..##.####.####....#
##.##......# ##'###
#.#######.# #.# #..####
#.# #.#


You could see a phantom and a sky beast.

Vanquished Creatures
  A two-headed ogre (D:5)
  A troll (D:5)
  A bullfrog zombie (D:5)
  A crimson imp (D:6)
  3 orc priests
  3 hounds (D:4)
  3 orc wizards
  An iguana (D:5)
  A worker ant (D:4)
  2 worker ant zombies
  Robin (D:2)
  4 adders
  A shadow imp (D:6)
  2 oozes
  An adder skeleton (D:5)
  An adder zombie (D:5)
  3 worms
  2 dart slugs
  4 leopard geckos
  17 orcs
  10 giant cockroaches
  10 goblins
  7 hobgoblins
  7 jackals
  8 kobolds
  4 quokkas
  3 ball pythons
  5 bats
  3 frilled lizards
  A leopard gecko skeleton (D:4)
  2 quokka skeletons (D:5)
  8 rats
121 creatures vanquished.

Vanquished Creatures (collateral kills)
  A scorpion (D:6)
  A howler monkey (D:4)
  A centaur zombie (D:6)
  An orc priest (D:4)
  4 adders
  A shadow imp (D:6)
  A dart slug (D:3)
  A leopard gecko (D:4)
  5 orcs
  3 goblins (D:2)
  5 hobgoblins
  A frilled lizard (D:3)
  A kobold (D:2)
  A quokka skeleton (D:6)
27 creatures vanquished.

Grand Total: 148 creatures vanquished

Notes
Turn   | Place    | Note
-------+----------+-------------------------------------------
     0 | D:1      | Folque the Octopode Wizard began the quest for the Orb.
     0 | D:1      | Reached XP level 1. HP: 11/11 MP: 4/4
   145 | D:1      | Reached skill level 1 in Fighting
   279 | D:1      | Reached XP level 2. HP: 11/18 MP: 6/6
   627 | D:1      | Learned a level 2 spell: Call Imp
   630 | D:1      | Learned a level 2 spell: Blink
  1123 | D:2      | Reached XP level 3. HP: 17/24 MP: 7/7
  1804 | D:2      | Learned a level 3 spell: Mephitic Cloud
  1925 | D:2      | Reached XP level 4. HP: 30/30 MP: 9/9
  1942 | D:2      | Noticed Robin
  1974 | D:2      | Killed Robin
  2068 | D:2      | Reached skill level 1 in Poison Magic
  2531 | D:3      | Reached XP level 5. HP: 35/35 MP: 8/10
  2583 | D:3      | Reached skill level 2 in Conjurations
  3326 | D:4      | Reached XP level 6. HP: 34/41 MP: 2/12
  3628 | D:4      | Reached skill level 3 in Conjurations
  4023 | D:5      | Entered Level 5 of the Dungeon
  4023 | D:5      | Found a glowing golden altar of the Shining One.
  4459 | D:5      | Reached XP level 7. HP: 35/46 MP: 13/13
  4557 | D:5      | Reached skill level 4 in Conjurations
  4629 | D:5      | Noticed a two-headed ogre
  4962 | D:5      | Killed a two-headed ogre
  4962 | D:5      | Reached skill level 5 in Spellcasting
  4962 | D:5      | Reached skill level 6 in Conjurations
  4962 | D:5      | Reached XP level 8. HP: 33/52 MP: 2/16
  5343 | D:5      | Noticed a troll
  5375 | D:5      | Killed a troll
  5375 | D:5      | Reached skill level 7 in Conjurations
  5581 | D:6      | Reached skill level 1 in Polearms
  6096 | D:6      | Slain by a sky beast

Skill      XL: |  1  2  3  4  5  6  7  8 |
---------------+-------------------------+-----
Fighting       | 1 2 3 |  3.0
Poison Magic   | 1 3 |  3.0
Conjurations   | 2 3 6 7 |  7.3
Spellcasting   | 4 5 6 |  6.2
Polearms       | 1 |  1.5
Dodging        | |  2.0
Stealth        | |  2.6
Summonings     | |  1.0
Translocations | |  1.0

Action                   |  1- 3 |  4- 6 |  7- 9 || total
-------------------------+-------+-------+-------++-------
Melee: Mace              |    41 |       |       ||    41
       Unarmed           |     4 |       |       ||     4
       Constrict         |    24 |    23 |     8 ||    55
       Tentacles         |     9 |    12 |     5 ||    26
       Dagger            |     2 |       |       ||     2
       Glaive            |    51 |   146 |   103 ||   300
 Cast: Magic Dart        |     3 |     2 |    12 ||    17
       Call Imp          |     1 |     7 |    11 ||    19
       Mephitic Cloud    |       |     7 |    19 ||    26
       Blink             |       |     5 |     4 ||     9
  Use: Scroll            |     2 |     4 |       ||     6
       Potion            |       |       |     1 ||     1
 Stab: Sleeping          |    13 |     8 |     5 ||    26
       Distracted        |     1 |     3 |       ||     4
       Confused          |       |       |     4 ||     4
  Eat: Chunk             |     3 |     9 |     6 ||    18
Armor: Skin              |    12 |     6 |     2 ||    20
Dodge: Dodged            |    55 |    89 |    32 ||   176
